 Dungeon Crawl Stone Soup version 0.23-a0-344-ge122d05 (webtiles) character file.

180 galech the Skirmisher (level 5, 0/42 HPs)
             Began as a Demonspawn Fighter on Oct 19, 2018.
             Killed from afar by Blork the orc (5 damage)
             ... with a puff of frost
             ... on level 3 of the Dungeon.
             The game lasted 00:02:47 (2379 turns).

galech the Skirmisher (Demonspawn Fighter)          Turns: 2379, Time: 00:02:48

Health: 0/42       AC:  7    Str: 22    XL:     5   Next: 33%
Magic:  0/5        EV:  7    Int:  9    God:
Gold:   112        SH:  9    Dex: 13    Spells: 4/4 levels left

rFire    + . .     SeeInvis .   a - +1 war axe
rCold    . . .     Gourm    .   c - +0 shield
rNeg     . . .     Faith    .   b - +0 scale mail
rPois    .         Spirit   +   m - +0 helmet
rElec    .         Reflect  .   (no cloak)
rCorr    .         Harm     .   (no gloves)
MR       .....                  (no boots)
Stlth    +.........             i - amulet of magic regeneration
HPRegen  0.14/turn              h - ring of stealth
MPRegen  0.43/turn              r - ring of protection from fire

@: mighty
A: magic shield, magic regeneration
a: no special abilities


You were on level 3 of the Dungeon.
You were not hungry.

You visited 1 branch of the dungeon, and saw 4 of its levels.

You collected 112 gold pieces.

Inventory:

Hand Weapons
 a - a +1 war axe (weapon)
Armour
 b - a +0 scale mail (worn)
 c - a +0 shield (worn)
 m - a +0 helmet (worn)
Jewellery
 h - a ring of stealth (left hand)
 i - an amulet of magic regeneration (around neck)
 r - a ring of protection from fire (right hand)
 s - an uncursed amulet of the gourmand {unknown}
Scrolls
 e - a scroll of teleportation
 g - 2 scrolls of fog
 n - a scroll of enchant weapon
 p - 2 scrolls of remove curse
Potions
 d - 2 potions of might
 j - 3 potions of ambrosia {unknown}
 k - a potion of resistance {unknown}
 l - 2 potions of curing {unknown}
 q - a potion of degeneration {unknown}
 u - a potion of flight {unknown}
Comestibles
 f - 8 rations


   Skills:
 + Level 3.7 Fighting
 + Level 3.7 Axes
 + Level 3.1 Armour
 + Level 0.7 Dodging
 + Level 3.3 Shields


You had 4 spell levels left.
You didn't know any spells.
Your spell library was empty.

Dungeon Overview and Level Annotations

Branches:
Dungeon (4/15)
 Temple: D:4-7

Altars:
Gozag
Qazlal

Annotations:
D:3 Blork the orc


Innate Abilities, Weirdness & Mutations

When hurt, damage is shared between your health and your magic reserves.
You regenerate magic rapidly.


Message History

Blork the orc casts a spell at you. The puff of flame hits you! You resist.
The orc wizard barely misses you.
You feel very mighty all of a sudden. Blork the orc barely misses you.
The orc wizard hits you but does no damage.
You are too confused!
You bump into the rock wall.
Blork the orc barely misses you. The orc wizard completely misses you.
Blork the orc hits you with a +0 battleaxe!
* * * LOW HITPOINT WARNING * * *
You're too confused to move!
Blork the orc hits you with a +0 battleaxe!
* * * LOW HITPOINT WARNING * * *
The orc wizard closely misses you.
You're too confused to move!
You feel less confused.
Blork the orc screams, "You are the ugliest creature I've ever seen!"
Blork the orc points at you and mumbles some strange words.
The puff of frost hits you!
You die...

.....#...####........# #.# ##.#
.###.#...####.....##.####.####.##
###..............)............##
.....#...#####..####........##.##
##.......#####....#######.#>###.#
##.###............# #)#.# ##.
.#.# #............# #.#.# #.
.#.###....####....# #.#.####.
.#......#.####..@.# #........
....##..........oo# #.#......
..#.###.#.####..#># #.######.
...)....#.####..#.# #.# #.
.#.((...........#.# #.# #.
.#.######.#####.#.#######.### #.
.....####.#####.#......(....# #(
.#..............###.....<.#.####(
.#........#####.# #.#######......


You could see Blork the orc and an orc wizard.

Vanquished Creatures
  A worker ant (D:3)
  9 adders
  An adder skeleton (D:4)
  A worm (D:2)
  A dart slug (D:3)
  3 leopard geckos
  8 orcs
  A ball python (D:3)
  A giant cockroach (D:3)
  5 hobgoblins (D:3)
  7 jackals (D:1)
  3 bats (D:3)
  2 frilled lizards
  5 goblins
  8 kobolds
  4 rats
60 creatures vanquished.

Notes
Turn   | Place    | Note
-------+----------+-------------------------------------------
     0 | D:1      | galech the Demonspawn Fighter began the quest for the Orb.
     0 | D:1      | Reached XP level 1. HP: 18/18 MP: 1/1
   533 | D:1      | Gained mutation: When hurt, damage is shared between your
                  | health and your magic reserves. [demonic ancestry]
   533 | D:1      | Reached XP level 2. HP: 20/24 MP: 2/2
   837 | D:2      | Reached XP level 3. HP: 29/29 MP: 3/3
   988 | D:2      | Found an opulent altar of Gozag.
  1484 | D:3      | Reached XP level 4. HP: 30/35 MP: 4/4
  1492 | D:3      | Found a stormy altar of Qazlal.
  1973 | D:3      | Gained mutation: You regenerate magic rapidly. [demonic
                  | ancestry]
  1973 | D:3      | Reached XP level 5. HP: 40/42 MP: 5/5
  2364 | D:4      | Noticed Blork the orc
  2379 | D:3      | Killed from afar by Blork the orc

Vault maps used:
D:1:      tarquinn_simple_flora_water_c
D:2:      first_ration, serial_bayou_pond_a, grunt_gozag_statues
D:3:      grunt_qazlal_clouds
D:4:      lemuel_doored_altar, temple_fountains, gup_sewer_entry_spiral,
          uniq_blork_the_orc, uniq_crazy_yiuf_cottage

Skill      XL: |  1  2  3  4 |
---------------+-------------+-----
Axes           | 2 3 |  3.7
Armour         | 3 |  3.1
Shields        | 3 |  3.3
Fighting       | |  3.7
Dodging        | |  0.7

Action                   |  1- 3 |  4- 6 || total
-------------------------+-------+-------++-------
Melee: War axe           |   108 |   130 ||   238
  Use: Scroll            |       |     5 ||     5
       Potion            |       |     1 ||     1
  Eat: Chunk             |     2 |     3 ||     5
Armor: Scale mail        |    58 |    77 ||   135
Dodge: Dodged            |    38 |    75 ||   113
Block: Shield            |    52 |    67 ||   119

Table legend:
 A = Non-vault XP
 B = Vault XP
 C = Vault XP percentage of total XP
 D = Non-vault monster count
 E = Vault monster count
 F = Vault count percentage of total count
                 A         B        C        D         E       F
            +---------+---------+-------+---------+---------+-------
      Total |     258 |       0 |   0.0 |      60 |       0 |   0.0
            +---------+---------+-------+---------+---------+-------
        D:1 |      23 |       0 |   0.0 |      14 |       0 |   0.0
        D:2 |      61 |       0 |   0.0 |      11 |       0 |   0.0
        D:3 |     166 |       0 |   0.0 |      33 |       0 |   0.0
        D:4 |       8 |       0 |   0.0 |       2 |       0 |   0.0
            +---------+---------+-------+---------+---------+-------
